| TOP OF THE 1ST |
|
Williston Water Wolves batting - Pitching for Bozeman Pheasants : RHP Jim Gott
|
|
Pitching: RHP Jim Gott
|
|
|
Batting: RHB Gil Marquez
|
0-0: SINGLE (Line Drive, 4M, EV 101.3 MPH)
|
|
Batting: RHB Alexis Rendon
|
0-0: Ball 1-0: Foul Ball, location: 2F 1-1: Ball 2-1: Called Strike 2-2: Strikes out swinging
|
|
Batting: RHB Pat Jelks
|
0-0: Ball 1-0: Foul Ball, location: 2F 1-1: SINGLE (Flyball, 78S, EV 90.0 MPH) Gil Marquez to second
|
|
Batting: RHB Pat Borders
|
0-0: Called Strike 0-1: Ball 1-1: Fly out, F7 (Flyball, 7LS, EV 85.6 MPH)
|
|
Batting: RHB Robby Thompson
|
0-0: Called Strike 0-1: Swinging Strike 0-2: DOUBLE (Groundball, 5L, EV 111.9 MPH) Gil Marquez scores Pat Jelks to third Runner from 3rd tries for Home, SAFE, throw by LF to trailing runner, SAFE at third!
|
|
Batting: RHB Eric Lane
|
0-0: Ball 1-0: Ball 2-0: Called Strike 2-1: Ball 3-1: Foul Ball, location: 2F 3-2: Ground out 6-3 (Groundball, 6, EV 99.4 MPH)
|
| Top of the 1st over - 2 runs, 3 hits, 0 errors, 1 left on base; Williston 2 - Bozeman 0 |
| BOTTOM OF THE 1ST |
|
Bozeman Pheasants batting - Pitching for Williston Water Wolves : LHP Neil Bryant
|
|
Pitching: LHP Neil Bryant
|
|
|
Batting: RHB Willie Picchioni
|
0-0: Swinging Strike 0-1: Bunted foul 0-2: Fly out, F4 (Line Drive, 4, EV 62.5 MPH)
|
|
Batting: RHB John Duncan
|
0-0: Swinging Strike 0-1: Ball 1-1: Ball 2-1: Foul Ball, location: 2F 2-2: Foul Ball, location: 2F 2-2: Fly out, F4 (Line Drive, 4, EV 73.8 MPH)
|
|
Batting: RHB Thomas Fettig
|
0-0: Ball 1-0: Ball 2-0: Ball 3-0: Base on Balls
|
|
Batting: LHB David Nix
|
0-0: Ball 1-0: Ball 2-0: Foul Ball, location: 2F 2-1: Ball 3-1: Swinging Strike 3-2: Foul Ball, location: 2F 3-2: Strikes out swinging
|
| Bottom of the 1st over - 0 runs, 0 hits, 0 errors, 1 left on base; Williston 2 - Bozeman 0 |
| TOP OF THE 2ND |
|
Williston Water Wolves batting - Pitching for Bozeman Pheasants : RHP Jim Gott
|
|
Batting: SHB Charles Bertucio
|
0-0: Swinging Strike 0-1: Ground out 1-3 (Groundball, 13S, EV 70.6 MPH)
|
|
Batting: RHB Tex Morgan
|
0-0: Ball 1-0: Called Strike 1-1: Called Strike 1-2: Ball 2-2: Ground out 5-3 (Groundball, 56, EV 90.0 MPH)
|
|
Batting: RHB Mark Kaeterle
|
0-0: Ball 1-0: Called Strike 1-1: Foul Ball, location: 2F 1-2: Ball 2-2: Strikes out swinging
|
| Top of the 2nd over - 0 runs, 0 hits, 0 errors, 0 left on base; Williston 2 - Bozeman 0 |
| BOTTOM OF THE 2ND |
|
Bozeman Pheasants batting - Pitching for Williston Water Wolves : LHP Neil Bryant
|
|
Batting: LHB Steve Padia
|
0-0: Ball 1-0: Called Strike 1-1: Called Strike 1-2: Ball 2-2: Foul Ball, location: 2F 2-2: Ball 3-2: Fly out, F3 (Popup, 3L, EV 62.5 MPH)
|
|
Batting: LHB Russ Orrick
|
0-0: Fly out, F8 (Line Drive, 8RS, EV 89.4 MPH)
|
|
Batting: RHB Tom Duggan
|
0-0: Ball 1-0: Ball 2-0: Ground out 4-3 (Groundball, 4M, EV 107.5 MPH)
|
| Bottom of the 2nd over - 0 runs, 0 hits, 0 errors, 0 left on base; Williston 2 - Bozeman 0 |
| TOP OF THE 3RD |
|
Williston Water Wolves batting - Pitching for Bozeman Pheasants : RHP Jim Gott
|
|
Batting: RHB Gil Marquez
|
0-0: SINGLE (Groundball, 34D, EV 98.1 MPH)
|
|
Batting: RHB Alexis Rendon
|
0-0: Ball 1-0: SINGLE (Groundball, 6MD, EV 102.5 MPH) Gil Marquez to second Runner from 2nd tries for 3rd, SAFE, no throw by CF
|
|
Batting: RHB Pat Jelks
|
0-0: Ball 1-0: Foul Ball, location: 2F 1-1: Swinging Strike 1-2: Strikes out looking
|
|
Batting: RHB Pat Borders
|
0-0: Ball 1-0: Foul Ball, location: 2F 1-1: Ball 2-1: Called Strike 2-2: 3-RUN HOME RUN (Flyball, 89XD, EV 98.8 MPH), Distance : 424 ft
|
|
Batting: RHB Robby Thompson
|
0-0: Ball 1-0: Ball 2-0: Foul Ball, location: 2F 2-1: Foul Ball, location: 2F 2-2: Foul Ball, location: 2F 2-2: Strikes out swinging, 2-3 out at first.
|
|
Batting: RHB Eric Lane
|
0-0: Foul Ball, location: 2F 0-1: Swinging Strike 0-2: Foul Ball, location: 2F 0-2: Foul Ball, location: 2F 0-2: Strikes out swinging
|
| Top of the 3rd over - 3 runs, 3 hits, 0 errors, 0 left on base; Williston 5 - Bozeman 0 |
| BOTTOM OF THE 3RD |
|
Bozeman Pheasants batting - Pitching for Williston Water Wolves : LHP Neil Bryant
|
|
Batting: LHB Billy Fink
|
0-0: Called Strike 0-1: Called Strike 0-2: Foul Ball, location: 2F 0-2: Ball 1-2: Strikes out swinging
|
|
Batting: RHB Greg Toler
|
0-0: SINGLE (Line Drive, 7S, EV 93.8 MPH)
|
|
Batting: RHB Willie Picchioni
|
0-0: Called Strike 0-1: Ball 1-1: Ball 2-1: Foul Ball, location: 2F 2-2: Ball 3-2: Fly out, F6 (Popup, 6MS, EV 85.6 MPH)
|
|
Batting: RHB John Duncan
|
0-0: Called Strike 0-1: Ball 1-1: Ball 2-1: SINGLE (Groundball, 25, EV 66.3 MPH) (infield hit) Greg Toler to second
|
|
Batting: RHB Thomas Fettig
|
0-0: Ball 1-0: Ball 2-0: Called Strike 2-1: Ball 3-1: Called Strike 3-2: Fly out, F9 (Flyball, 9S, EV 83.8 MPH)
|
| Bottom of the 3rd over - 0 runs, 2 hits, 0 errors, 2 left on base; Williston 5 - Bozeman 0 |
| TOP OF THE 4TH |
|
Williston Water Wolves batting - Pitching for Bozeman Pheasants : RHP Jim Gott
|
|
Batting: SHB Charles Bertucio
|
0-0: Ball 1-0: Ball 2-0: Called Strike 2-1: Swinging Strike 2-2: Strikes out swinging
|
|
Batting: RHB Tex Morgan
|
0-0: Ball 1-0: Ball 2-0: Ground out 5-3 (Groundball, 56S, EV 70.6 MPH)
|
|
Batting: RHB Mark Kaeterle
|
0-0: Called Strike 0-1: Foul Ball, location: 2F 0-2: Strikes out swinging
|
| Top of the 4th over - 0 runs, 0 hits, 0 errors, 0 left on base; Williston 5 - Bozeman 0 |
| BOTTOM OF THE 4TH |
|
Bozeman Pheasants batting - Pitching for Williston Water Wolves : LHP Neil Bryant
|
|
Batting: LHB David Nix
|
0-0: Foul Ball, location: 2F 0-1: Called Strike 0-2: Ground out 5-3 (Groundball, 5S, EV 81.3 MPH)
|
|
Batting: LHB Steve Padia
|
0-0: Ball 1-0: Fly out, F9 (Flyball, 9LS, EV 97.5 MPH)
|
|
Batting: LHB Russ Orrick
|
0-0: Called Strike 0-1: Ball 1-1: Foul Ball, location: 2F 1-2: Strikes out looking
|
| Bottom of the 4th over - 0 runs, 0 hits, 0 errors, 0 left on base; Williston 5 - Bozeman 0 |
| TOP OF THE 5TH |
|
Williston Water Wolves batting - Pitching for Bozeman Pheasants : RHP Jim Gott
|
|
Batting: RHB Gil Marquez
|
0-0: Ball 1-0: Ball 2-0: Ground out 1-3 (Groundball, 15S, EV 71.9 MPH)
|
|
Batting: RHB Alexis Rendon
|
0-0: Reached via error on a dropped throw from 1B, E1 (Groundball, 34S, EV 63.8 MPH)
|
|
Batting: RHB Pat Jelks
|
0-0: Called Strike 0-1: Called Strike 0-2: Ball 1-2: Ball 2-2: Foul Ball, location: 2F 2-2: Ball 3-2: Strikes out swinging
|
|
Batting: RHB Pat Borders
|
0-0: Fly out, F9 (Flyball, 9, EV 89.4 MPH)
|
| Top of the 5th over - 0 runs, 0 hits, 1 error, 1 left on base; Williston 5 - Bozeman 0 |
| BOTTOM OF THE 5TH |
|
Bozeman Pheasants batting - Pitching for Williston Water Wolves : LHP Neil Bryant
|
|
Batting: RHB Tom Duggan
|
0-0: Ball 1-0: Swinging Strike 1-1: Swinging Strike 1-2: Ground out 3-1 (Groundball, 34, EV 106.9 MPH)
|
|
Batting: LHB Billy Fink
|
0-0: Called Strike 0-1: Fly out, F9 (Flyball, 9S, EV 87.5 MPH)
|
|
Batting: RHB Greg Toler
|
0-0: Called Strike 0-1: Foul Ball, location: 2F 0-2: Ball 1-2: Ball 2-2: Foul Ball, location: 2F 2-2: Foul Ball, location: 2F 2-2: Foul Ball, location: 2F 2-2: Strikes out swinging
|
| Bottom of the 5th over - 0 runs, 0 hits, 0 errors, 0 left on base; Williston 5 - Bozeman 0 |
| TOP OF THE 6TH |
|
Williston Water Wolves batting - Pitching for Bozeman Pheasants : RHP Jim Gott
|
|
Batting: RHB Robby Thompson
|
0-0: SINGLE (Line Drive, 4D, EV 93.8 MPH)
|
|
Batting: RHB Eric Lane
|
0-0: Ball 1-0: Called Strike 1-1: Called Strike 1-2: Fly out, F7 (Flyball, 78D, EV 96.9 MPH)
|
|
Batting: SHB Charles Bertucio
|
0-0: Ball 1-0: Called Strike 1-1: DOUBLE (Line Drive, 89M, EV 106.3 MPH) Robby Thompson to third
|
|
Batting: RHB Tex Morgan
|
0-0: Foul Ball, location: 2F 0-1: Foul Ball, location: 2F 0-2: Ball 1-2: Ground out 5-3 (Groundball, 56S, EV 85.6 MPH) Robby Thompson scores
|
|
Batting: RHB Mark Kaeterle
|
0-0: Ball 1-0: Ball 2-0: Called Strike 2-1: DOUBLE (Flyball, 89XD, EV 95.0 MPH) Charles Bertucio scores
|
|
Pitching: LHP Cesar Maldonado
|
|
|
Batting: RHB Gil Marquez
|
0-0: Swinging Strike 0-1: Ground out 4-3 (Groundball, 4, EV 90.0 MPH)
|
| Top of the 6th over - 2 runs, 3 hits, 0 errors, 1 left on base; Williston 7 - Bozeman 0 |
| BOTTOM OF THE 6TH |
|
Bozeman Pheasants batting - Pitching for Williston Water Wolves : LHP Neil Bryant
|
|
Batting: RHB Willie Picchioni
|
0-0: Called Strike 0-1: SINGLE (Line Drive, 7S, EV 106.9 MPH)
|
|
Batting: RHB John Duncan
|
0-0: Ball Passed Ball! Willie Picchioni to second 1-0: Ball 2-0: Swinging Strike 2-1: Ground out 5-3 (Groundball, 56S, EV 88.1 MPH)
|
|
Batting: RHB Thomas Fettig
|
0-0: Foul Ball, location: 2F 0-1: Fly out, F6 (Line Drive, 6, EV 76.9 MPH)
|
|
Batting: LHB David Nix
|
0-0: Ball 1-0: Ball 2-0: Ball 3-0: Called Strike 3-1: Fly out, F9 (Line Drive, 9, EV 97.5 MPH)
|
| Bottom of the 6th over - 0 runs, 1 hit, 0 errors, 1 left on base; Williston 7 - Bozeman 0 |
| TOP OF THE 7TH |
|
Williston Water Wolves batting - Pitching for Bozeman Pheasants : LHP Cesar Maldonado
|
|
Batting: RHB Alexis Rendon
|
0-0: Ball 1-0: Swinging Strike 1-1: Ball 2-1: Ground out 5-3 (Groundball, 5, EV 90.6 MPH)
|
|
Pinch Hitting: RHB Jim Cesario
|
0-0: Ball 1-0: Foul Ball, location: 2F 1-1: Foul Ball, location: 2F 1-2: DOUBLE (Groundball, 3L, EV 95.0 MPH)
|
|
Batting: RHB Pat Borders
|
0-0: Ball 1-0: Ball 2-0: Called Strike 2-1: Ball 3-1: Base on Balls
|
|
Batting: RHB Robby Thompson
|
0-0: Ball 1-0: Ball 2-0: Foul Ball, location: 2F 2-1: Ball 3-1: Base on Balls Jim Cesario to third Pat Borders to second
|
|
Batting: RHB Eric Lane
|
0-0: Foul Ball, location: 2F 0-1: Called Strike 0-2: Strikes out looking
|
|
Pinch Hitting: RHB Jim Vest
|
0-0: Ball 1-0: Called Strike 1-1: Ball 2-1: Ball 3-1: SINGLE (Line Drive, 6MD, EV 98.8 MPH) Jim Cesario scores Pat Borders to third Robby Thompson to second Runner from 3rd tries for Home, SAFE, throw by CF to home
|
|
Pinch Hitting: RHB Michael Breslin
|
0-0: Ball 1-0: Called Strike 1-1: Called Strike 1-2: Ball 2-2: Ball 3-2: Foul Ball, location: 2F 3-2: Base on Balls Robby Thompson to third Jim Vest to second
|
|
Batting: RHB Mark Kaeterle
|
0-0: Ball 1-0: Called Strike 1-1: Swinging Strike 1-2: Strikes out looking
|
| Top of the 7th over - 2 runs, 2 hits, 0 errors, 3 left on base; Williston 9 - Bozeman 0 |
| BOTTOM OF THE 7TH |
|
Bozeman Pheasants batting - Pitching for Williston Water Wolves : LHP Neil Bryant
|
|
Now in LF: Jim Vest
|
|
|
Now in CF: Jon Hatcher
|
|
|
Now in RF: Jim Cesario
|
|
|
Pinch Hitting: LHB Billy Williams
|
0-0: Fly out, F1 (Line Drive, P, EV 71.9 MPH)
|
|
Batting: LHB Russ Orrick
|
0-0: Called Strike 0-1: Ball 1-1: Ball 2-1: SINGLE (Flyball, 7LM, EV 85.6 MPH)
|
|
Batting: RHB Tom Duggan
|
0-0: Called Strike 0-1: Swinging Strike 0-2: Strikes out swinging
|
|
Batting: LHB Billy Fink
|
0-0: Ball 1-0: Fly out, F9 (Flyball, 89M, EV 84.4 MPH)
|
| Bottom of the 7th over - 0 runs, 1 hit, 0 errors, 1 left on base; Williston 9 - Bozeman 0 |
| TOP OF THE 8TH |
|
Williston Water Wolves batting - Pitching for Bozeman Pheasants : LHP Cesar Maldonado
|
|
Now at 1B: Billy Williams
|
|
|
Pinch Hitting: LHB Todd Francis
|
0-0: Called Strike 0-1: Ball 1-1: Foul Ball, location: 2F 1-2: Fly out, F9 (Flyball, 9LS, EV 85.0 MPH)
|
|
Batting: RHB Alexis Rendon
|
0-0: Called Strike 0-1: Ball 1-1: Ball 2-1: Foul Ball, location: 2F 2-2: Strikes out swinging
|
|
Batting: RHB Jim Cesario
|
0-0: Swinging Strike 0-1: Foul Ball, location: 2F 0-2: Strikes out looking
|
| Top of the 8th over - 0 runs, 0 hits, 0 errors, 0 left on base; Williston 9 - Bozeman 0 |
| BOTTOM OF THE 8TH |
|
Bozeman Pheasants batting - Pitching for Williston Water Wolves : LHP Neil Bryant
|
|
Now at 1B: Todd Francis
|
|
|
Batting: RHB Greg Toler
|
0-0: Fly out, F7 (Flyball, 78M, EV 79.4 MPH)
|
|
Pinch Hitting: LHB Martin Baier
|
0-0: SINGLE (Groundball, 4MD, EV 94.4 MPH)
|
|
Batting: RHB John Duncan
|
0-0: Swinging Strike 0-1: Called Strike 0-2: Ball 1-2: Grounds into double play, 4-6-3 (Groundball, 4, EV 105.0 MPH)
|
| Bottom of the 8th over - 0 runs, 1 hit, 0 errors, 0 left on base; Williston 9 - Bozeman 0 |
| TOP OF THE 9TH |
|
Williston Water Wolves batting - Pitching for Bozeman Pheasants : LHP Cesar Maldonado
|
|
Now in RF: Martin Baier
|
|
|
Batting: RHB Nelson Santovenia
|
0-0: Foul Ball, location: 2F 0-1: Ball 1-1: Ball 2-1: Ball 3-1: Called Strike 3-2: Fly out, F8 (Flyball, 8LS, EV 83.8 MPH)
|
|
Batting: RHB Robby Thompson
|
0-0: Ball 1-0: Ball 2-0: Swinging Strike 2-1: Foul Ball, location: 2F 2-2: Ball 3-2: Strikes out swinging
|
|
Batting: RHB Eric Lane
|
0-0: Called Strike 0-1: Ball 1-1: Ball 2-1: Ball 3-1: Swinging Strike 3-2: Ground out 6-3 (Groundball, 6S, EV 80.6 MPH)
|
| Top of the 9th over - 0 runs, 0 hits, 0 errors, 0 left on base; Williston 9 - Bozeman 0 |
| BOTTOM OF THE 9TH |
|
Bozeman Pheasants batting - Pitching for Williston Water Wolves : LHP Neil Bryant
|
|
Batting: RHB Thomas Fettig
|
0-0: SINGLE (Line Drive, 34D, EV 94.4 MPH)
|
|
Batting: LHB David Nix
|
0-0: Called Strike 0-1: Ball 1-1: Ball 2-1: Ball 3-1: Reached on error, E4 (Groundball, 4, EV 80.0 MPH) Thomas Fettig to second
|
|
Batting: LHB Billy Williams
|
0-0: Called Strike 0-1: DOUBLE (Line Drive, 7LS, EV 105.6 MPH) Thomas Fettig scores David Nix to third
|
|
Batting: LHB Russ Orrick
|
0-0: Called Strike 0-1: Foul Ball, location: 2F 0-2: Ball 1-2: Foul Ball, location: 2F 1-2: Ground out 3-1 (Groundball, 13, EV 85.0 MPH) David Nix scores Billy Williams to third
|
|
Batting: RHB Tom Duggan
|
0-0: Fly out, F5 (Popup, 5S, EV 75.6 MPH)
|
|
Batting: LHB Billy Fink
|
0-0: Foul Ball, location: 2F 0-1: Ball Wild Pitch! Billy Williams scores 1-1: Fly out, F6 (Flyball, 56D, EV 88.8 MPH)
|
| Bottom of the 9th over - 3 runs, 2 hits, 1 error, 0 left on base; Williston 9 - Bozeman 3 |
|